 Dungeon Crawl Stone Soup version 0.30-a0-1103-g25895a7845 (webtiles) character file.

Game seed: 10597525269754376829

2193 avis the Ducker (level 8, 0/68 HPs)
             Began as a Demigod Transmuter on Apr 18, 2023.
             Slain by a steam dragon (3 damage)
             ... on level 8 of the Dungeon on Apr 19, 2023.
             The game lasted 00:50:59 (6348 turns).

avis the Ducker (Demigod Transmuter)                Turns: 6348, Time: 00:51:00

Health: 0/68       AC:  2    Str: 21    XL:     8   Next: 88%
Magic:  15/17      EV: 22    Int: 19    God:
Gold:   524        SH:  0    Dex: 19    Spells: 5/15 levels left

rFire   . . .      SeeInvis .    d - melded staff of poison
rCold   . . .      Faith    .    (shield currently unavailable)
rNeg    . . .      Spirit   .    H - melded +2 leather armour "Yfoss" {Regen+}
rPois   x          Reflect  .    w - melded +1 helmet {Int+3}
rElec   .          Rampage  .    v - melded +5 cloak of Uzaj {rN+}
rCorr   .                        (gloves currently unavailable)
Will    .....                    y - melded +0 pair of boots
Stlth   ++                       n - amulet of regeneration
HPRegen 1.11/turn                e - ring of wizardry
MPRegen 0.15/turn                J - +6 ring of strength

@: spider-form
A: venomous fangs, tiny, high MP 1, forlorn, divine attributes
a: End Transformation


You were on level 8 of the Dungeon.
You were a venomous arachnid creature.
You visited 2 branches of the dungeon, and saw 9 of its levels.

You collected 524 gold pieces.

Inventory:

Missiles
 q - a throwing net (quivered)
Armour
 v - the +5 cloak of Uzaj (melded) {rN+}
   (You found it on level 3 of the Dungeon)

   rN:        It protects you from negative energy.
 w - a +1 helmet of intelligence (melded)
 y - a +0 pair of boots (melded)
 H - the +2 leather armour "Yfoss" (melded) {Regen+}
   (You found it on level 5 of the Dungeon)

   Regen:     It increases your rate of health regeneration.
Magical Staves
 d - a staff of poison (melded)
Jewellery
 a - a +6 ring of intelligence
 c - a ring of positive energy
 e - a ring of wizardry (left front pincers)
 n - an amulet of regeneration (around neck)
 s - a ring of willpower
 C - a ring of protection from fire
 F - a ring of positive energy
 J - a +6 ring of strength (right front pincers)
Wands
 l - a wand of digging (5)
 B - a wand of quicksilver (4)
Scrolls
 f - 3 scrolls of silence {unknown}
 h - 2 scrolls of poison {unknown}
 k - a scroll of magic mapping {unknown}
 m - a scroll of vulnerability {unknown}
 o - 3 scrolls of amnesia {unknown}
 t - 2 scrolls of noise {unknown}
 x - a scroll of enchant armour {unknown}
 A - a scroll of brand weapon {unknown}
 E - 2 scrolls of acquirement {unknown}
 G - 5 scrolls of teleportation {unknown}
Potions
 b - 4 potions of lignification
 g - 2 potions of haste {unknown}
 i - 4 potions of heal wounds
 j - 6 potions of might
 p - 3 potions of flight
 r - 4 potions of curing {unknown}
 u - a potion of attraction {unknown}
 z - 3 potions of brilliance


   Skills:
 - Level 5.0 Fighting
 - Level 5.0 Dodging
 - Level 1.0 Stealth
 - Level 5.0 Unarmed Combat
 * Level 4.3 Spellcasting
 * Level 4.3 Transmutations
 - Level 4.0 Ice Magic
 - Level 1.0 Poison Magic


You had 5 spell levels left.
You knew the following spells:

 Your Spells              Type           Power      Damage    Failure   Level
a - Beastly Appendage     Tmut           40%        N/A       3%          1
e - Wereblood             Tmut           20%        N/A       4%          2
p - Spider Form           Tmut/Pois      14%        N/A       12%         3
q - Ice Form              Ice/Tmut       20%        N/A       21%         4

Your spell library contained the following spells:

 Spells                   Type           Power      Damage    Failure   Level
 Poisonous Vapours        Pois/Air       12%        N/A       16%         2
 Mephitic Cloud           Conj/Pois/Air  5%         N/A       26%         3
 Freezing Cloud           Conj/Ice/Air   4%         6-21      77%         5


Dungeon Overview and Level Annotations

Branches:
Dungeon (8/15)             Temple (1/1) D:6
   Lair: D:8-11

Annotations:
D:7 3 runed translucent doors, IdlyInterested's ghost, novice DsGl


Innate Abilities, Weirdness & Mutations

You are a venomous arachnid creature.
You have venomous fangs.
You are tiny and dextrous.
Your spellcasting is less reliable in this form.
Your armour is entirely melded.
You are incapable of wielding weapons or throwing items.
You have an increased reservoir of magic. (+10% MP)
You shall have no god before yourself.
Your divine heritage dramatically boosts your attributes as you level up.


Message History

The +5 cloak of Uzaj {rN+} melds into your body.
Your +1 helmet of intelligence melds into your body.
Your +0 pair of boots melds into your body.
The +2 leather armour "Yfoss" {Regen+} melds into your body.
You feel stupid.
A steam dragon comes into view.
The steam dragon hisses angrily.
The centaur wields a +0 shortbow.
The centaur shoots an arrow.
The arrow hits you! The steam dragon breathes steam at you.
The ball of steam hits you!
The centaur shoots an arrow.
The arrow misses you.
The centaur shoots an arrow.
The arrow hits you.
The centaur unwields a +0 shortbow.
The centaur misses you. The centaur kicks you.
You bite the centaur!
The centaur is poisoned.
The centaur is heavily wounded.
The centaur closely misses you.
The centaur kicks you but does no damage.
The centaur hits you. The centaur barely misses you.
You hit the centaur.
The centaur looks as sick as possible!
The centaur is severely wounded.
The centaur misses you. x2
The steam dragon breathes steam at you. The ball of steam hits you!
You kill the centaur!
The steam dragon closely misses you. x2
You bite the steam dragon!
The steam dragon is poisoned.
The steam dragon is moderately wounded.
You are engulfed in a cloud of scalding steam.
The steam dragon bites you. The steam dragon claws you.
* * * LOW HITPOINT WARNING * * *
You hit the steam dragon but do no damage.
The steam dragon looks as sick as possible!
The steam dragon is heavily wounded.
You are engulfed in a cloud of scalding steam.
* * * LOW HITPOINT WARNING * * *
The steam dragon bites you!
* * * LOW HITPOINT WARNING * * *
The steam dragon claws you.
You die...

. .# ..#
########.#
#........###
#..........#
#.)s......#
#.§.D....##
#..§...###
##....##
###..# ##.##
#..# ##.##
#..#


You could see a steam dragon (extremely poisoned, catching breath).

Vanquished Creatures
  A hornet (D:7)
  A shadow (D:8)
  A steam dragon (D:7)
  3 ice beasts
  A black bear (D:5)
  A sky beast (D:7)
  2 ogres (D:5)
  A centaur (D:8)
  4 bullfrogs
  6 killer bees (D:7)
  A hound (D:5)
  A jelly (D:4)
  An orc priest (D:5)
  Crazy Yiuf (D:4)
  A sleepcap (D:6)
  4 iguanas
  A mummy (D:6)
  Robin (D:4)
  10 adders
  2 white imps
  A worm (D:3)
  4 dart slugs
  15 orcs
  8 ball pythons
  9 bats
  6 endoplasms
  13 goblins
  11 hobgoblins
  3 quokkas
  A frilled lizard (D:1)
  14 kobolds
  A kobold zombie (D:6)
  3 orc zombies (D:6)
  3 rats
136 creatures vanquished.

Notes
Turn   | Place    | Note
-------+----------+-------------------------------------------
     0 | D:1      | avis the Demigod Transmuter began the quest for the Orb.
     0 | D:1      | Reached XP level 1. HP: 15/15 MP: 5/5
    20 | D:1      | Reached skill level 1 in Fighting
   134 | D:1      | Reached XP level 2. HP: 20/23 MP: 5/7
   774 | D:2      | Reached XP level 3. HP: 29/29 MP: 6/8
  1095 | D:2      | Reached skill level 1 in Stealth
  1098 | D:2      | Learned a level 2 spell: Wereblood
  1102 | D:2      | Learned a level 3 spell: Spider Form
  1456 | D:3      | Reached skill level 1 in Poison Magic
  1713 | D:3      | Reached XP level 4. HP: 36/36 MP: 9/9
  1786 | D:3      | Identified the +5 cloak of Uzaj {rN+}
  2562 | D:4      | You fall into a shaft and drop 1 floor!
  2562 | D:5      | Entered Level 5 of the Dungeon
  2606 | D:4      | Found a runed translucent door.
  2607 | D:4      | Noticed Crazy Yiuf
  2961 | D:4      | Noticed Robin
  2982 | D:4      | Killed Robin
  2983 | D:4      | Reached XP level 5. HP: 32/41 MP: 5/12
  3013 | D:4      | Learned a level 4 spell: Ice Form
  3154 | D:4      | Killed Crazy Yiuf
  3237 | D:5      | Noticed a black bear
  3256 | D:5      | Killed a black bear
  3257 | D:5      | Reached skill level 1 in Ice Magic
  3296 | D:5      | Reached XP level 6. HP: 48/48 MP: 9/13
  3520 | D:5      | Identified the +2 leather armour "Yfoss" {Regen+}
  3623 | D:5      | Reached XP level 7. HP: 56/57 MP: 14/14
  4431 | D:6      | Found a staircase to the Ecumenical Temple.
  4452 | Temple   | Entered the Ecumenical Temple
  5428 | D:7      | Noticed a steam dragon
  5444 | D:7      | Killed a steam dragon
  5445 | D:7      | Reached XP level 8. HP: 47/66 MP: 12/15
  5553 | D:7      | Found a runed translucent gate.
  5554 | D:7      | Found a runed translucent gate.
  5554 | D:7      | Found a runed translucent gate.
  5556 | D:7      | Noticed IdlyInterested's ghost (novice DsGl)
  6159 | D:8      | Noticed a hornet
  6171 | D:7      | Killed a hornet
  6306 | D:8      | Reached skill level 5 in Fighting
  6306 | D:8      | Reached skill level 5 in Dodging
  6306 | D:8      | Reached skill level 5 in Unarmed Combat
  6348 | D:8      | HP: 3/68 [steam dragon (9)]
  6348 | D:8      | Slain by a steam dragon

Illustrated notes

Levels and vault maps discovered:
D:1:      dpeg_arrival_arbitrary_c, layout_rooms
D:2:      minmay_inner_zag, layout_basic, chequers_ecumenical_altar_lobes
D:3:      layout_basic, mainiacjoe_overflow_concentric_impassable
D:4:      layout_basic, kennysheep_generic_room_5, uniq_crazy_yiuf_cottage,
          uniq_robin
D:5:      corexii_shack_village, layout_cave_pods
D:6:      layout_cave_pools, minmay_overflow_temple_star_hex,
          minmay_temple_entry_junction_2, nicolae_zen_rock_garden,
          minmay_mini_ossuary
D:7:      layout_loops_ring, ebering_ghost_rock_garden
D:8:      layout_cave_pods
Temple:   hellmonk_temple_two_chambers

Skill      XL: |  1  2  3  4  5  6  7  8 |
---------------+-------------------------+-----
Fighting       | 1 2 3 4 5 |  5.0
Unarmed Combat | 3 4 5 |  5.0
Dodging        | 2 4 5 |  5.0
Spellcasting   | 2 3 4 |  4.3
Transmutations | 2 3 4 |  4.3
Stealth        | 1 |  1.0
Poison Magic   | 1 |  1.0
Ice Magic      | 1 4 |  4.0

Action                     |  1- 3 |  4- 6 |  7- 9 || total
---------------------------+-------+-------+-------++-------
  Melee: Unarmed           |    97 |   152 |   147 ||   396
         Kick              |    28 |     6 |    15 ||    49
         Headbutt          |    13 |     2 |     6 ||    21
         Punch             |     1 |       |     2 ||     3
         Staff             |       |       |     7 ||     7
  Throw: Stone             |     1 |       |       ||     1
   Cast: Beastly Appendage |    31 |    16 |     6 ||    53
         Spider Form       |     1 |    14 |     7 ||    22
         Ice Form          |       |       |     9 ||     9
Ability: End Transformatio |       |       |     3 ||     3
    Use: Scroll            |       |       |     5 ||     5
   Stab: Sleeping          |     3 |     7 |       ||    10
 Armour: Robe              |    14 |     4 |       ||    18
         Skin              |       |     3 |    25 ||    28
         Leather armour    |       |     1 |    11 ||    12
  Dodge: Dodged            |    44 |   118 |    99 ||   261

Table legend: (Time is in decaauts)
 A = Elapsed time spent in this place.
 B = Non-inter-level travel time spent in this place.
 C = Inter-level travel time spent in this place.
 D = Time resting spent in this place.
 E = Time spent auto-exploring this place.
 F = Levels seen in this place.
 G = Mean time per level.
                   A        B        C        D        E       F      G
               +--------+--------+--------+--------+--------+-----+--------+
         Total |   6324 |   5543 |    781 |    209 |   3256 |   9 |  702.7 |
       Dungeon |   6285 |   5507 |    778 |    209 |   3256 |   8 |  785.6 |
        Temple |     38 |     35 |      3 |      0 |      0 |   1 |   38.0 |
               +--------+--------+--------+--------+--------+-----+--------+

Top non-repeatable levels by time:
     D:5: 1072 daAuts
     D:3: 1020 daAuts
     D:2: 989 daAuts
     D:6: 930 daAuts
     D:7: 929 daAuts
     D:4: 684 daAuts
     D:1: 509 daAuts
     D:8: 150 daAuts
  Temple: 38 daAuts
